 Dungeon Crawl Stone Soup version 0.29.1-15-g9cfb28693d (webtiles) character file.

Game seed: 10527018327023998035

21 Hugehornet the Insei (level 2, 0/18 HPs)
             Began as an Octopode Transmuter on Mar 25, 2023.
             Slain by Terence
             ... wielding a +0 short sword of protection
              (5 damage)
             ... on level 2 of the Dungeon.
             The game lasted 00:02:21 (1673 turns).

Hugehornet the Insei (Octopode Transmuter)          Turns: 1673, Time: 00:02:22

Health: 0/18       AC:  1    Str:  9    XL:     2   Next: 87%
Magic:  5/5        EV: 13    Int: 15    God:
Gold:   109        SH:  0    Dex: 12    Spells: 4/5 levels left

rFire   . . .      SeeInvis .     - Unarmed
rCold   . . .      Faith    +   (no shield)
rNeg    . . .      Spirit   .   (helmet restricted)
rPois   .          Reflect  .   i - amulet of faith
rElec   .          Harm     .   (no ring)
rCorr   .          Rampage  .   (no ring)
Will    .....                   (no ring)
Stlth   ++........              (no ring)
HPRegen 0.06/turn               (no ring)
MPRegen 0.09/turn               (no ring)
                                (no ring)
                                (no ring)

@: no status effects
A: almost no armour, amphibious, 8 rings, camouflage 1, gelatinous body 1,
(nimble swimmer 1), tentacles
a: no special abilities


You were on level 2 of the Dungeon.
You visited 1 branch of the dungeon, and saw 2 of its levels.

You collected 109 gold pieces.

Inventory:

Jewellery
 i - an amulet of faith (around mantle)
Scrolls
 b - 2 scrolls of fear {unknown}
 c - a scroll of summoning {unknown}
 d - 4 scrolls of immolation {unknown}
 f - a scroll of vulnerability {unknown}
 g - a scroll of teleportation {unknown}
 h - a scroll of identify {unknown}
Potions
 a - 2 potions of lignification
 e - 2 potions of curing {unknown}


   Skills:
 - Level 1.0 Fighting
 - Level 2.0 Dodging
 + Level 3.2 Unarmed Combat
 + Level 2.2 Spellcasting
 * Level 2.7 Transmutations


You had 4 spell levels left.
You knew the following spells:

 Your Spells              Type           Power      Damage    Failure   Level
a - Beastly Appendage     Tmut           18%        N/A       7%          1

Your spell library contained the following spells:

 Spells                   Type           Power      Damage    Failure   Level
 Wereblood                Tmut           9%         N/A       11%         2
 Apportation              Tloc           2%         N/A       22%         1
 Necrotise                Necr           4%         1d4       22%         1
 Summon Small Mammal      Summ           4%         N/A       22%         1
 Spider Form              Tmut/Pois      5%         N/A       36%         3
 Ice Form                 Ice/Tmut       5%         N/A       77%         4


Dungeon Overview and Level Annotations

Branches:
Dungeon (2/15)

Altars:

Annotations:
D:2 1 runed translucent door, Crazy Yiuf, Sigmund, Terence


Innate Abilities, Weirdness & Mutations

You cannot wear most types of armour.
You are amphibious.
You can wear up to eight rings at the same time.
Your skin changes colour to match your surroundings (Stealth+).
Your rubbery body absorbs attacks. (AC +1, EV +1)
((You are camouflaged when in or above water. (Stealth+)))
You have tentacles for arms and can constrict up to eight enemies at once.


Message History

You constrict Terence, but do no damage.
Terence hits you with a +0 short sword of protection.
You tentacle-slap Terence but do no damage.
You squeeze Terence.
Terence is heavily wounded.
You constrict Terence, but do no damage.
Terence barely misses you.
You tentacle-slap Terence but do no damage.
You pierce Terence.
You squeeze Terence, but do no damage.
Terence is heavily wounded.
You constrict Terence, but do no damage.
Terence barely misses you.
You tentacle-slap Terence but do no damage.
You pierce Terence, but do no damage.
Terence is heavily wounded.
You constrict Terence. Terence misses you.
You tentacle-slap Terence. You squeeze Terence, but do no damage.
Terence is severely wounded.
You constrict Terence, but do no damage.
Terence hits you with a +0 short sword of protection.
You are too injured to fight recklessly!
You are too injured to fight recklessly!
You are too injured to fight recklessly!
You tentacle-slap Terence but do no damage.
You pierce Terence, but do no damage.
Terence is severely wounded.
You constrict Terence, but do no damage.
Terence misses you.
You tentacle-slap Terence but do no damage.
You pierce Terence, but do no damage.
Terence is severely wounded.
You constrict Terence.
Terence hits you with a +0 short sword of protection.
* * * LOW HITPOINT WARNING * * *
You tentacle-slap Terence but do no damage.
Terence is almost dead.
Your tentacle spike disappears.
You constrict Terence.
Terence hits you with a +0 short sword of protection.
You die...

♣♣#..)# ♣♣.+...# ..♣#...# ♣♣♣
### ♣ ###### ######### ....##
........# #@...# ........#
#@# ........# #.# ........#
####.# ..###.#######....#
..##..# #....####
..##.#####..#...#
.###.###......#...#.)...
...## ...........#....#....
.. .#..
........#.....#...#.....#...#
#


You could see Terence.

Vanquished Creatures
  3 bats
  An endoplasm (D:1)
  5 goblins
  2 kobolds
  3 quokkas
  A ball python (D:1)
  A frilled lizard (D:2)
  2 rats (D:1)
18 creatures vanquished.

Notes
Turn   | Place    | Note
-------+----------+-------------------------------------------
     0 | D:1      | Hugehornet the Octopode Transmuter began the quest for the
                  | Orb.
     0 | D:1      | Reached XP level 1. HP: 13/13 MP: 3/3
   341 | D:1      | Reached XP level 2. HP: 10/18 MP: 3/5
   697 | D:1      | Found a faded altar of an unknown god.
  1351 | D:2      | Noticed Sigmund
  1610 | D:2      | Found a runed translucent door.
  1611 | D:2      | Noticed Crazy Yiuf
  1660 | D:2      | Noticed Terence
  1673 | D:2      | Slain by Terence

Illustrated notes

Levels and vault maps discovered:
D:1:      roderic_octagonal_star, layout_loops_ring,
          shapermc_ecumenical_altar_totnotflames, minivault_11
D:2:      layout_rooms, nicolae_kite_square_tiling_tiny,
          uniq_crazy_yiuf_cottage, uniq_terence, uniq_sigmund

Action                   || total
-------------------------++-------
Melee: Unarmed           ||    43
       Constrict         ||     8
       Kick              ||    16
       Tentacles         ||     6
 Cast: Beastly Appendage ||    19
 Stab: Sleeping          ||     4
Armor: Skin              ||     1
Dodge: Dodged            ||    26
